 Dungeon Crawl Stone Soup version 0.30.0-29-ga12c61a403 (webtiles) character file.

Game seed: 6814825693850879842

19930 Bnni the Geomancer (level 13, -2/101 HPs)
             Began as a Formicid Earth Elementalist on June 5, 2023.
             Was a High Priest of Cheibriados.
             Killed by vampiric draining
             ... invoked by a vampire
              (12 damage)
             ... on level 11 of the Dungeon.
             The game lasted 00:26:48 (13898 turns).

Bnni the Geomancer (Formicid Earth Elementalist)   Turns: 13898, Time: 00:26:48

Health: -2/101     AC: 21    Str: 30    XL:     13   Next: 8%
Magic:  17/25      EV:  9    Int: 31    God:    Cheibriados [*****.]
Gold:   473        SH:  0    Dex: 25    Spells: 14/29 levels left

rFire   + . .        j - staff of earth
rCold   . . .        (no shield)
rNeg    . . .        H - +0 plate armour
rPois   .            (helmet unavailable)
rElec   .            O - +2 cloak
rCorr   .            N - +2 pair of gloves {rF+}
SInv    +            (no boots)
Will    +....        e - amulet of magic regeneration Stlth
                     n - +6 ring of strength
HPRegen 0.36/turn    k - ring of wizardry
MPRegen 0.59/turn

%: wizardry (x1)
@: very slow
A: permanent stasis, dig shafts and tunnels, antennae 3, four strong arms
a: Dig, Shaft Self, Renounce Religion, Bend Time, Temporal Distortion, Slouch,
Step From Time


You were on level 11 of the Dungeon.
You worshipped Cheibriados.
Cheibriados was extremely pleased with you.
You visited 2 branches of the dungeon, and saw 13 of its levels.
You also visited: Sewer and Ossuary.

You collected 774 gold pieces.
You spent 301 gold pieces at shops.

Inventory:

Hand Weapons
 c - a +3 dagger of venom
Missiles
 w - 5 curare-tipped darts
Armour
 G - +0 ice dragon scales
 H - a +0 plate armour (worn)
 N - a +2 pair of gloves of fire resistance (worn)
 O - a +2 cloak (worn)
Magical Staves
 j - a staff of earth (weapon)
Jewellery
 e - an amulet of magic regeneration (around neck)
 k - a ring of wizardry (right hand)
 n - a +6 ring of strength (left hand)
 s - a ring of flight
Wands
 f - a wand of mindburst (8)
 B - a wand of polymorph (10)
 E - a wand of flame (52)
 F - a wand of paralysis (14)
Scrolls
 d - 2 scrolls of blinking {unknown}
 h - 3 scrolls of immolation
 i - 4 scrolls of fog
 l - 2 scrolls of enchant weapon
 m - 2 scrolls of poison
 v - 3 scrolls of butterflies
 x - 2 scrolls of magic mapping
 y - a scroll of amnesia
 A - a scroll of enchant armour
 C - 4 scrolls of vulnerability
 M - a scroll of brand weapon
Potions
 a - 4 potions of heal wounds
 b - 2 potions of magic
 g - 5 potions of curing
 p - 2 potions of attraction {unknown}
 r - a potion of ambrosia {unknown}
 u - 3 potions of haste {unknown}
 z - 2 potions of brilliance {unknown}
 D - 3 potions of cancellation {unknown}
 I - a potion of mutation
 J - 3 potions of lignification {unknown}
 K - a potion of might {unknown}
Miscellaneous
 L - a tin of tremorstones (2/2)


   Skills:
 + Level 9.1 Fighting
 + Level 10.1 Armour
 - Level 1.7 Dodging
 - Level 2.4 Stealth
 + Level 8.6 Spellcasting
 - Level 3.0 Conjurations
 * Level 3.5 Necromancy
 - Level 3.0 Transmutations
 + Level 12.5 Earth Magic
 * Level 10.5 Invocations


You had 14 spell levels left.
You knew the following spells:

 Your Spells              Type           Power      Damage    Failure   Level
a - Sandblast             Erth           100%       2d20      1%          1
b - Passwall              Tmut/Erth      62%        N/A       1%          2
c - Stone Arrow           Conj/Erth      100%       3d13      1%          3
d - Petrify               Tmut/Erth      75%        N/A       4%          4
h - Borgnjor's Vile Clut  Necr/Erth      38%        N/A       11%         5

Your spell library contained the following spells:

 Spells                   Type           Power      Damage    Failure   Level
 Necrotise                Necr           100%       1d9       2%          1
 Shock                    Conj/Air       88%        1d8       6%          1
 Vampiric Draining        Necr           35%        2d8       8%          3
 Leda's Liquefaction      Hex/Erth       34%        N/A       9%          4
 Apportation              Tloc           26%        N/A       11%         1
 Summon Small Mammal      Summ           52%        N/A       11%         1
 Ignite Poison            Fire/Tmut/Pois 19%        N/A       21%         3
 Agony                    Necr           35%        N/A       52%         5
 Airstrike                Air            6%         2d(1-17)  69%         4
 Manifold Assault         Tloc           13%        N/A       69%         4
 Dispersal                Tloc           6%         N/A       100%        6
 Disjunction              Tloc           6%         N/A       100%        8
 Necromutation            Tmut/Necr      16%        N/A       100%        8
 Swiftness                Air            Unusable   N/A       N/A         3

Dungeon Overview and Level Annotations

Branches:
Dungeon (12/15)            Temple (1/1) D:7            Lair (0/5) D:9
  Sewer (visited)         Ossuary (visited)
    Orc: D:9-12

Altars:
Ashenzari
Cheibriados
Dithmenos
Elyvilon
Fedhas
Gozag
Hepliaklqana
Kikubaaqudgha
Makhleb
Nemelex Xobeh
Okawaru
Qazlal
Ru
Sif Muna
Trog
Uskayaw
Vehumet
Wu Jian
Xom
Yredelemnul
Zin
The Shining One

Shops:
D:4 [   D:10 *


Innate Abilities, Weirdness & Mutations

You cannot be hasted, slowed, berserked, paralysed or teleported.
You can dig through walls and to a lower floor.
You have a pair of large antennae on your head. (SInv)
Your four strong arms can wield two-handed weapons with a shield.


Message History

Zombie hands grab the white ugly thing.
The zombie hands constrict the orc knight, but do no damage.
The zombie hands constrict the white ugly thing!
The zombie hands constrict the vampire!
You feel sick.
You hear a horrible gurgling sound!
The vampire escapes!
The orc knight struggles to escape constriction.
The white ugly thing struggles to escape constriction.
You hear a shout!
Aiming: Sandblast (safe; 1% risk of failure)
Press: ? - help, Q - select action, (/) - cycle Shift-Dir - straight line You feel a surge of power!
The blast of sand hits the white ugly thing!
The white ugly thing is heavily wounded.
The zombie hands constrict the orc knight!
The zombie hands constrict the white ugly thing.
You feel sick.
The white ugly thing escapes!
The orc knight struggles to escape constriction.
The white ugly thing attacks as you move away!
The white ugly thing punches you but does no damage.
The zombie hands constrict the orc knight!!
You feel sick.
The orc knight struggles to escape constriction.
The white ugly thing barely misses you.
The orc knight escapes!
Items here: $ ) ? [ †.
Aiming: Sandblast (safe; 1% risk of failure)
Press: ? - help, Q - select action, (/) - cycle Shift-Dir - straight line, f - white ugly thing
Aim: a white ugly thing (heavily wounded, 85% to hit)
You feel a surge of power!
The blast of sand hits the white ugly thing!!
The white ugly thing is almost dead.
You feel sick.
You are no longer poisoned.
The white ugly thing punches you but does no damage.
The vampire draws life force from you!
The vampire is healed by the life force!
The white ugly thing punches you. The white ugly thing freezes you!!
* * * LOW HITPOINT WARNING * * *
The vampire draws life force from you!
You die...

## #####.........#.###.#.###. #
#.###.##.##.....#.# #.
#.###.##.##.###.#.# #.
#.##...#....# ...# #.
#.##.#.####>###.# #. #####
#.##...# #.....# ##
....########.####.###..#.####
##
###)##.....[........†).......
..
#.)..###.#####@#####.#####.###.
####.#{.#..#.Vu..# #[##..#. #
#.##..†##.....# ####.#..#. .
#..#.#.#..#.#...# #..##y##.. #
#.#..#..##.#.#### #{{#.##.
#.##..o# # #. #.{##[#. #.###.##
## ###{###. ..#...# .# #.
#.#.### (# #.


You could see an orc knight, a white ugly thing and a vampire.

Vanquished Creatures
  A centaur warrior (D:11)
  A two-headed ogre (D:11)
  A boulder beetle (D:12)
  The ghost of Ijustatesigmund the Destroyer, a novice OpCj of Cheibriados (D:9)
  A wizard (D:11)
  A deep elf pyromancer (D:11)
  2 cyclopes
  Joseph (D:8)
  2 manticores (D:11)
  5 gargoyles
  An unseen horror (D:11)
  A kobold demonologist (D:11)
  A freezing wraith (D:11)
  4 trolls
  6 slime creatures
  6 yaks (D:10)
  A wraith (Ossuary)
  3 wyverns
  2 shadows (D:11)
  2 vampires (D:11)
  4 basilisks
  12 vampire mosquitoes
  2 steam dragons
  4 acid dragons
  3 water moccasins
  2 orc warriors (D:9)
  A sky beast (D:6)
  2 black bears
  2 ogres (D:6)
  4 centaurs
  3 phantoms
  The ghost of hitsuchi the Stinger, an amateur OpVM (D:4)
  7 kobold brigands
  An elf zombie (Ossuary)
  The ghost of raetorn the Sneak, an amateur SpEn (D:3)
  3 bullfrogs
  4 scorpions
  12 wights
  26 killer bees
  9 howler monkeys
  A lava snake (D:10)
  4 orc priests
  5 hounds
  A gnoll bouda (D:8)
  A sleepcap (D:5)
  4 iguanas
  8 orc wizards
  A hound zombie (D:3)
  4 mummies
  8 gnolls
  10 adders
  3 river rats
  A shadow imp (D:6)
  2 white imps
  2 ufetubi (D:5)
  2 adder zombies (D:3)
  An adder skeleton (D:3)
  2 worms
  2 dart slugs
  11 orcs
  7 endoplasms
  6 giant cockroaches
  6 goblins
  2 hobgoblins (D:1)
  11 jackals
  30 kobolds
  9 quokkas
  14 ball pythons
  4 bats
  4 frilled lizards
  4 goblin zombies
  4 hobgoblin zombies (Ossuary)
  4 kobold zombies (Ossuary)
  14 rats
  A rat zombie (D:8)
339 creatures vanquished.

Notes
Turn   | Place    | Note
-------+----------+-------------------------------------------
     0 | D:1      | Bnni the Formicid Earth Elementalist began the quest for
                  | the Orb.
     0 | D:1      | Reached XP level 1. HP: 13/13 MP: 3/3
   298 | D:1      | Reached XP level 2. HP: 20/20 MP: 3/5
   324 | D:1      | Reached skill level 4 in Earth Magic
   394 | D:1      | Learned a level 2 spell: Passwall
   550 | D:1      | Reached skill level 1 in Fighting
   550 | D:1      | Reached XP level 3. HP: 26/26 MP: 3/6
   757 | D:1      | Found a faded altar of an unknown god.
  1366 | D:2      | Learned a level 3 spell: Stone Arrow
  1682 | D:2      | Reached XP level 4. HP: 32/32 MP: 4/7
  2545 | D:3      | Found a runed translucent gate.
  2546 | D:3      | Found a runed translucent gate.
  2547 | D:3      | Found a runed translucent gate.
  2711 | D:3      | Reached XP level 5. HP: 36/38 MP: 5/9
  2837 | D:3      | Noticed raetorn's ghost (amateur SpEn)
  2843 | D:3      | Killed raetorn's ghost
  2844 | D:3      | Reached skill level 5 in Earth Magic
  3167 | D:3      | Learned a level 4 spell: Petrify
  3178 | D:4      | Noticed a phantom
  3185 | D:4      | Killed a phantom
  3186 | D:4      | Reached XP level 6. HP: 40/46 MP: 5/10
  3355 | D:4      | Noticed a black bear
  3420 | D:4      | Reached skill level 1 in Conjurations
  3420 | D:4      | Reached skill level 6 in Earth Magic
  3503 | D:4      | Found a glowing drain.
  3572 | Sewer    | Entered a sewer
  3687 | Sewer    | Reached XP level 7. HP: 52/52 MP: 9/12
  4099 | D:4      | Found a runed translucent door.
  4141 | D:4      | Noticed hitsuchi's ghost (amateur OpVM)
  4184 | D:4      | Killed hitsuchi's ghost
  4185 | D:4      | Reached skill level 7 in Earth Magic
  4190 | D:4      | Found a runed translucent door.
  4428 | D:4      | Reached XP level 8. HP: 50/60 MP: 10/14
  4572 | D:4      | Found Fraech's Dragon-Slaying Spoils.
  4637 | D:5      | Entered Level 5 of the Dungeon
  4691 | D:5      | Reached skill level 1 in Armour
  4945 | D:5      | Reached skill level 8 in Earth Magic
  5247 | D:5      | Found an opulent altar of Gozag.
  5760 | D:6      | Reached XP level 9. HP: 66/66 MP: 13/16
  5801 | D:6      | Reached skill level 5 in Spellcasting
  5863 | D:6      | Identified the +1 ring mail of Charity {Dex+6}
  5951 | D:6      | Found a burning altar of Makhleb.
  5951 | D:6      | Noticed a green death
  5992 | D:6      | Reached skill level 5 in Fighting
  5992 | D:6      | Reached skill level 9 in Earth Magic
  6063 | D:6      | Noticed a +0 spear
  6063 | D:6      | Noticed a +0 spear
  6063 | D:6      | Noticed a +0 falchion
  6064 | D:6      | Noticed a +0 short sword
  6066 | D:6      | Noticed a +0 falchion
  6066 | D:6      | Noticed a +0 dagger
  6066 | D:6      | Noticed a +0 dagger
  6068 | D:6      | Noticed a +0 short sword
  6265 | D:6      | Found a hide-covered altar of Uskayaw.
  6475 | D:7      | Reached skill level 10 in Earth Magic
  6636 | D:7      | Found a bloodstained altar of Trog.
  6658 | D:7      | Reached skill level 1 in Invocations
  6890 | D:7      | Reached XP level 10. HP: 76/76 MP: 16/19
  6912 | D:7      | Found a staircase to the Ecumenical Temple.
  6918 | Temple   | Entered the Ecumenical Temple
  7105 | D:7      | Found a broken altar of Ashenzari.
  7119 | D:7      | Reached skill level 5 in Armour
  7688 | D:8      | Noticed Joseph
  7696 | D:8      | Killed Joseph
  7710 | D:8      | Found a sand-covered staircase.
  7796 | Ossuary  | Entered an ossuary
  7952 | Ossuary  | Identified the amulet of Xom's Wantonness {RegenMP Fly rF-
                  | Str+3}
  8367 | D:8      | Found a snail-covered altar of Cheibriados.
  8376 | D:8      | Became a worshipper of Cheibriados the Contemplative
  8749 | D:9      | Found a hazy altar of Hepliaklqana.
  8816 | D:9      | Reached skill level 5 in Invocations
  8817 | D:9      | Reached * piety under Cheibriados
  9040 | D:9      | Found a transporter.
  9255 | D:9      | Noticed a cyclops
  9258 | D:9      | Noticed Ijustatesigmund's ghost (novice OpCj)
  9281 | D:9      | Found a transporter.
  9399 | D:9      | Reached skill level 11 in Earth Magic
  9399 | D:9      | Reached XP level 11. HP: 42/76 MP: 19/21
 10016 | D:9      | Found a staircase to the Lair.
 10039 | D:9      | Found a shimmering blue altar of Sif Muna.
 10168 | D:10     | Entered Level 10 of the Dungeon
 10366 | D:9      | Killed a cyclops
 10367 | D:9      | Reached ** piety under Cheibriados
 10372 | D:9      | Killed Ijustatesigmund's ghost
 10887 | D:10     | Noticed a catoblepas
 10887 | D:10     | Noticed a two-headed ogre
 10915 | D:10     | Found Gilusyin's Fire Supplies.
 10928 | D:10     | Bought a +2 pair of gloves of fire resistance for 301 gold
                  | pieces
 11000 | D:10     | Found an iron altar of Okawaru.
 11000 | D:10     | Found a blossoming altar of Fedhas.
 11373 | D:11     | Found a glowing silver altar of Zin.
 11606 | D:11     | Reached *** piety under Cheibriados
 11664 | D:11     | Noticed a manticore
 11670 | D:11     | Killed a manticore
 11672 | D:11     | Noticed a cyclops
 11678 | D:11     | Killed a cyclops
 11679 | D:11     | Reached XP level 12. HP: 60/92 MP: 21/23
 11689 | D:11     | HP: 3/92 [gargoyle/stone arrow (22)]
 11691 | D:11     | Noticed a boulder beetle
 11695 | D:11     | Identified the +2 battleaxe of Sushry {protect, rF+ Will+}
 11706 | D:11     | You fall into a shaft and drop 1 floor!
 12074 | D:12     | Noticed a boulder beetle
 12085 | D:12     | Killed a boulder beetle
 12436 | D:12     | Reached skill level 12 in Earth Magic
 12727 | D:12     | Reached **** piety under Cheibriados
 12920 | D:11     | Identified a scroll of acquirement
 12921 | D:11     | Acquired the Octavo of Shifting Geomancy
 12929 | D:11     | Learned a level 5 spell: Borgnjor's Vile Clutch
 13061 | D:11     | Reached skill level 1 in Necromancy
 13108 | D:11     | Identified the +3 whip of Havoc {protect, rC- Int+3}
 13113 | D:11     | Noticed a sixfirhy
 13230 | D:11     | Noticed a two-headed ogre
 13234 | D:11     | Killed a two-headed ogre
 13419 | D:11     | Noticed a centaur warrior
 13424 | D:11     | Killed a centaur warrior
 13425 | D:11     | Reached skill level 10 in Invocations
 13600 | D:11     | Reached skill level 10 in Armour
 13730 | D:11     | Reached XP level 13. HP: 80/101 MP: 20/25
 13887 | D:11     | Reached ***** piety under Cheibriados
 13898 | D:11     | Killed from afar by a vampire

Illustrated notes

Levels and vault maps discovered:
D:1:      minmay_arrival_stair_chambers, layout_loops_ring,
          shapermc_ecumenical_altar_totnotflames
D:2:      layout_basic, minmay_misc_feat_five, minmay_unequal
D:3:      layout_basic, ebering_ghost_rock_garden, serial_undead,
          serial_undead_c, serial_undead_d, serial_undead_f, serial_undead_d
D:4:      layout_loops_ring, portal_sewer_entry_c, ebering_ghost_sewer_f,
          nicolae_shop_dragon_depot, minmay_box_of_dots
D:5:      layout_basic, nicolae_gozag_cash_rules_everything_around_me,
          minivault_5, dk_noncrumbling_4, serial_park_tiny_1,
          dreamdust_gnoll_farm
D:6:      layout_rooms, makhleb_altar_promises_db, nicolae_uskayaw_en_pointe
D:7:      layout_basic, lemuel_doored_altar, mainiacjoe_overflow_catwalk,
          minmay_temple_entry_wispy, minmay_misc_feat_diagonals
D:8:      layout_rooms, slow_altar_1, enter_ossuary_4, uniq_joseph
D:9:      layout_cave_pods, lemuel_blue_sif_altar,
          nicolae_hepliaklqana_hippocampus, lair_entry_dummy,
          serial_column_ruins, column_ruins_open_tiny, column_ruins_open_large,
          column_ruins_open_small, column_ruins_open_small, nzn_ghost_randoct
D:10:     layout_cave_pools, nicolae_overflow_two_pavilions,
          minmay_misc_feat_rows, nicolae_shop_fire_sale
          [nicolae_sub_dead_trees], lightli_corner_chamber
D:11:     minmay_the_grid_square_5x5_4x4 [minmay_the_grid_square_5x5_misaligned,
          minmay_the_grid_square_5x5_half_checkered,
          minmay_the_grid_square_5x5_beaten_path,
          minmay_the_grid_square_5x5_percent, minmay_the_grid_square_5x5_forky,
          minmay_the_grid_square_5x5_prize_itemx,
          minmay_the_grid_square_5x5_prize_deathbox,
          minmay_the_grid_square_5x5_plus, minmay_the_grid_square_5x5_spiral,
          minmay_the_grid_square_5x5_prize_rear_guard,
          minmay_the_grid_square_5x5_prize_monsterx,
          minmay_the_grid_square_5x5_mess, minmay_the_grid_square_5x5_shrine2,
          minmay_the_grid_square_5x5_c, minmay_the_grid_square_5x5_dogpile,
          minmay_the_grid_square_5x5_checkered_statues], layout_loops_ring,
          enter_trove_5, zin_scriptorium
D:12:     layout_basic, orc_0_dummy
Temple:   hellmonk_temple_flake

Skill      XL: |  1  2  3  4  5  6  7  8  9 10 11 12 |
---------------+-------------------------------------+-----
Earth Magic    | 4 5 6 7 8 10 11 12 | 12.5
Fighting       | 1 2 3 4 6 8 9 |  9.1
Transmutations | 2 3 |  3.0
Spellcasting   | 3 4 6 7 8 |  8.6
Conjurations   | 1 2 3 |  3.0
Armour         | 2 4 6 8 10 | 10.1
Invocations    | 1 5 8 10 | 10.5
Necromancy     | 3 |  3.5
Dodging        | |  1.7
Stealth        | |  2.4

Action                     |  1- 3 |  4- 6 |  7- 9 | 10-12 | 13-15 || total
---------------------------+-------+-------+-------+-------+-------++-------
  Melee: Short sword       |    21 |       |       |       |       ||    21
  Throw: Dart              |       |       |       |    10 |       ||    10
   Cast: Sandblast         |    58 |    67 |   151 |   331 |    20 ||   627
         Passwall          |       |     3 |       |     2 |       ||     5
         Stone Arrow       |       |       |       |    42 |     1 ||    43
         Borgnjor's Vile C |       |       |       |       |     3 ||     3
Ability: Dig               |       |       |       |     3 |       ||     3
         Shaft Self        |       |       |       |     1 |       ||     1
  Evoke: Wand              |       |       |       |     1 |       ||     1
    Use: Scroll            |       |       |     1 |    17 |       ||    18
         Potion            |       |       |       |     9 |       ||     9
 Armour: Robe              |     9 |       |       |       |       ||     9
         Ring mail         |       |     4 |    17 |     3 |       ||    24
         Plate armour      |       |       |       |   196 |    11 ||   207
  Dodge: Dodged            |    31 |    28 |    37 |   135 |    10 ||   241
